 Dungeon Crawl Stone Soup version 0.28.0-47-ge53b351184 (webtiles) character file.

Game seed: 600764195458897566

2 klau3 the Grave Robber (level 1, 0/13 HPs)
             Began as a Demonspawn Necromancer on May 6, 2022.
             Slain by a kobold
             ... wielding a +0 dagger
              (3 damage)
             ... on level 1 of the Dungeon.
             The game lasted 00:00:44 (57 turns).

klau3 the Grave Robber (Demonspawn Necromancer)       Turns: 57, Time: 00:00:46

Health: 0/13       AC:  0    Str:  8    XL:     1   Next: 33%
Magic:  1/3        EV: 12    Int: 16    God:
Gold:   0          SH:  0    Dex: 13    Spells: 3/4 levels left

rFire   . . .      SeeInvis .   (no weapon)
rCold   . . .      Faith    .   (no shield)
rNeg    . . .      Spirit   .   (no armour)
rPois   .          Reflect  .   (no helmet)
rElec   .          Harm     .   (no cloak)
rCorr   .          Rampage  .   (no gloves)
Will    .....                   (no boots)
Stlth   ++........              (no amulet)
HPRegen 0.04/turn               (no ring)
MPRegen 0.08/turn               (no ring)

@: no status effects
A: no striking features
a: no special abilities


You were on level 1 of the Dungeon.
You visited 1 branch of the dungeon, and saw 1 of its levels.

Inventory:

Armour
 a - a +0 robe
 b - a +0 scale mail
 c - a +1 plate armour of positive energy


   Skills:
 + Level 1.7 Dodging
 + Level 1.7 Stealth
 + Level 2.0 Spellcasting
 + Level 4.5 Necromancy


You had 3 spell levels left.
You knew the following spells:

 Your Spells              Type           Power      Damage    Failure   Level
a - Pain                  Necr           64%        1d7       3%          1

Your spell library contained the following spells:

 Spells                   Type           Power      Damage    Failure   Level
 Animate Skeleton         Necr           32%        N/A       3%          1
 Vampiric Draining        Necr           16%        2d7       10%         3
 Animate Dead             Necr           8%         N/A       32%         4
 Agony                    Necr           16%        N/A       65%         5


Dungeon Overview and Level Annotations

Branches:
Dungeon (1/15)

Altars:


Message History

Found a short sword.
Things that are here:
a +0 club; a goblin corpse A hobgoblin comes into view.
The hobgoblin shouts!
Aiming: Pain (safe; 34% risk of failure)
Press: ? - help, Q - select action Shift-Dir - straight line
Okay, then.
Aiming: Pain (safe; 34% risk of failure)
Press: ? - help, Q - select action Shift-Dir - straight line, f - hobgoblin
Aim: a hobgoblin (chance to affect: 85%)
The hobgoblin writhes in agony.
Aiming: Pain (safe; 34% risk of failure)
Press: ? - help, Q - select action Shift-Dir - straight line, f/p - hobgoblin
Aim: a hobgoblin (severely wounded, chance to affect: 85%)
The hobgoblin writhes in agony.
You kill the hobgoblin!
You see here a +1 plate armour of positive energy.
c - a +1 plate armour of positive energy A kobold comes into view.
It is wielding a +0 dagger.
The kobold shouts!
You start removing your armour.
You continue taking off your +0 scale mail. x4
You finish taking off your +0 scale mail.
You start putting on your armour.
You continue putting on your +1 plate armour of positive energy. x2
The kobold hits you with a +0 dagger.
Keep equipping yourself? [Y]es or [N]o only, please.
Keep equipping yourself? [Y]es or [N]o only, please.
Keep equipping yourself?
You continue putting on your +1 plate armour of positive energy.
The kobold hits you with a +0 dagger.
* * * LOW HITPOINT WARNING * * *
You continue putting on your +1 plate armour of positive energy.
The kobold completely misses you.
You continue putting on your +1 plate armour of positive energy.
The kobold hits you with a +0 dagger.
You die...

..................#
..................#
..................##...
......................
###.....................
.................!......
..............####....#.
.....)K@....)...........
........................
........................
...........#+##.........
....####...# #....#....
.... ...... +....'....
... ###..... #....#....
.. #.........#....##
..#.##.#....#


You could see a kobold.

Vanquished Creatures
  A goblin (D:1)
  A hobgoblin (D:1)
2 creatures vanquished.

Notes
Turn   | Place    | Note
-------+----------+-------------------------------------------
     0 | D:1      | klau3 the Demonspawn Necromancer began the quest for the
                  | Orb.
     0 | D:1      | Reached XP level 1. HP: 13/13 MP: 3/3
    57 | D:1      | Slain by a kobold

Illustrated notes

Levels and vault maps discovered:
D:1:      amcnicky_arrival_choice, layout_basic, basic_ecumenical_altar,
          amcnicky_mini_corridor_feature, grunt_decor_clamped

Action                   || total
-------------------------++-------
 Cast: Pain              ||     3
Dodge: Dodged            ||     1
